 Dungeon Crawl Stone Soup version 0.25-a0-340-ga1faa1601d (webtiles) character file.

Game seed: 18136110587039316280, levelgen mode: classic

584876 Borgoz the Shatterer (level 26, -7/198 HPs)
             Began as a Gargoyle Fighter on Dec 29, 2019.
             Was the Champion of Ashenzari.
             Killed by a guardian mummy's death curse (8 damage)
             ... on level 3 of the Tomb of the Ancients.
             The game lasted 03:58:25 (78754 turns).

Borgoz the Shatterer (Gargoyle Fighter)            Turns: 78754, Time: 03:58:26

Health: -7/198     AC: 48    Str: 42    XL:     26   Next: 80%
Magic:  0/30       EV: 24    Int: 15    God:    Ashenzari [******]
Gold:   6696       SH:  0    Dex: 17    Spells: 29/35 levels left

rFire    + + .     SeeInvis +   a - +2 great mace of Jel Kihu {elec, MR+ Str+7} (curse)
rCold    + + +     Gourm    .   (shield currently unavailable)
rNeg     + + .     Faith    .   i - +0 chain mail of the Guild-Master {Regen+ Str+6} (curse)
rPois    ∞         Spirit   +   H - +2 helmet
rElec    +         Reflect  .   q - scarf {rC+ rF+}
rCorr    .         Harm     .   h - +2 pair of gloves "Odiaxuh" {rC++}
MR       +++..     Clarity  +   p - +2 pair of boots
Stlth    +.........             K - amulet of Elozy {Spirit rPois}
HPRegen  1.23/turn              N - ring of Wishful Thinking {rN+ MR+ Str+2 Int+3 Dex+2}
MPRegen  0.22/turn              P - ring "Jeschunt" {rF+ Str+4 Slay+1}

@: marked, flying, slowed, very slow
A: big wings, negative energy resistance 1, regeneration 1, robust 1,
electricity resistance, unbreathing, petrification resistance, rot immunity,
sturdy frame 1, AC +20
}: 4/15 runes: decaying, serpentine, slimy, silver
a: Stop Flying, Curse Item, Scrying, Transfer Knowledge, Renounce Religion


You were on level 3 of the Tomb of the Ancients.
You worshipped Ashenzari.
Ashenzari was exalted by your worship.
You were not hungry.

You visited 10 branches of the dungeon, and saw 50 of its levels.
You visited the Abyss 1 time.
You also visited: Sewer and Ice Cave.

You collected 7813 gold pieces.
You spent 1117 gold pieces at shops.

Inventory:

Hand Weapons
 a - the cursed +2 great mace of Jel Kihu (weapon) {elec, MR+ Str+7}
   (You took it off a deep elf death mage on level 3 of the Elven Halls)

   Occasionally, upon striking a foe, it will discharge some electrical energy
   and cause terrible harm.
   It affects your strength (+7).
   It affects your resistance to hostile enchantments.
   It has a curse placed upon it.
 z - the +8 demon blade "Bloodbane" {slice, *Rage +Rage Stlth-}
   (You found it on level 3 of the Crypt)

   It inflicts extra damage upon your enemies.
   It lets you go berserk.
   It may make you go berserk in combat.
   It makes you less stealthy.
 C - the +10 dagger "Rast" {venom, rF+ rN+}
   (You took it off a skeletal warrior on level 3 of the Crypt)

   It poisons the flesh of those it strikes.
   It protects you from fire.
   It protects you from negative energy.
Missiles
 j - a throwing net (quivered)
Armour
 h - the +2 pair of gloves "Odiaxuh" (worn) {rC++}
   (You acquired it on level 1 of the Lair of Beasts)

   It greatly protects you from cold.
 i - the cursed +0 chain mail of the Guild-Master (worn) {Regen+ Str+6}
   (You found it on level 5 of the Pits of Slime)

   It affects your strength (+6).
   It increases your rate of regeneration.
   It has a curse placed upon it.
 p - a +2 pair of boots (worn)
 q - a scarf of resistance (worn)
 r - +0 acid dragon scales
 s - quicksilver dragon scales
 E - a cursed +2 cloak of invisibility
 H - a +2 helmet (worn)
Jewellery
 x - an uncursed amulet of rage
 F - the ring of Waquobet {Wiz *Corrode rC+ Str+3}
   (You took it off a skeletal warrior on level 3 of the Crypt)

   [ring of wizardry]

   It improves your spell success rate.
   It affects your strength (+3).
   It protects you from cold.
   It may corrode you when you take damage.
 K - the amulet of Elozy (around neck) {Spirit rPois}
   (You found it on level 3 of the Crypt)

   [amulet of guardian spirit]

   It causes incoming damage to be split between your health and magic.
   It protects you from poison.
 N - the ring of Wishful Thinking (left hand) {rN+ MR+ Str+2 Int+3 Dex+2}
   (You took it off a deep elf annihilator on level 3 of the Elven Halls)

   [ring of positive energy]

   It affects your strength (+2).
   It affects your intelligence (+3).
   It affects your dexterity (+2).
   It protects you from negative energy.
   It affects your resistance to hostile enchantments.
 P - the ring "Jeschunt" (right hand) {rF+ Str+4 Slay+1}
   (You took it off a yaktaur captain on level 5 of the Vaults)

   [ring of slaying]

   It affects your strength (+4).
   It affects your accuracy and damage with ranged weapons and melee attacks
   (+1).
   It protects you from fire.
 R - the ring "Sayj" {rF+ MR+}
   (You took it off a deep elf mage on level 3 of the Elven Halls)

   [ring of protection from magic]

   It protects you from fire.
   It affects your resistance to hostile enchantments.
 U - an uncursed ring of resist corrosion
Wands
 d - a wand of random effects (52)
 w - a wand of digging (30)
 y - a wand of polymorph (40)
 A - a wand of enslavement (20)
 D - a wand of paralysis (34)
 O - a wand of disintegration (20)
 S - a wand of flame (62)
 V - a wand of clouds (10)
 Y - a wand of iceblast (15)
Scrolls
 b - 4 scrolls of identify
 l - a scroll of fear
 n - 19 scrolls of teleportation
 o - a scroll of brand weapon
 t - 5 scrolls of remove curse
 u - 11 scrolls of magic mapping
 I - 6 scrolls of summoning
 J - 5 scrolls of blinking
 T - a scroll of amnesia
Potions
 c - 3 potions of ambrosia
 e - 19 potions of curing
 k - a potion of invisibility
 v - 5 potions of cancellation
 B - 9 potions of haste
 G - 3 potions of agility
 L - a potion of magic
 M - 4 potions of resistance
 Q - a potion of berserk rage
Comestibles
 f - 51 rations


   Skills:
 + Level 22.3 Fighting
 + Level 23.0(27) Maces & Flails
 + Level 22.3 Armour
 + Level 18.3 Dodging
 - Level 5.0 Stealth
   Level 10.1 Shields
 - Level 5.0 Spellcasting
 - Level 7.0 Hexes
 - Level 7.0 Translocations
 - Level 7.3 Evocations


You had 29 spell levels left.
You knew the following spells:

 Your Spells              Type           Power        Failure   Level  Hunger
a - Confusing Touch       Hex            ###...       1%          1    None
b - Blink                 Tloc           N/A          2%          2    ##.....
c - Confuse               Hex            ###.....     4%          3    ###....

Your spell library contained the following spells:

 Spells                   Type           Power        Failure   Level  Hunger
 Apportation              Tloc           ###...       1%          1    None
 Corona                   Hex            ###....      1%          1    None
 Slow                     Hex            ###.....     2%          2    ##.....
 Gell's Gravitas          Tloc           ###.......   4%          3    ###....
 Lesser Beckoning         Tloc           ###.......   4%          3    ###....
 Teleport Other           Tloc           ###.....     4%          3    ###....
 Tukima's Dance           Hex            ###.....     4%          3    ###....
 Ensorcelled Hibernation  Hex/Ice        ##....       10%         2    ##.....
 Shroud of Golubria       Chrm/Tloc      ##....       10%         2    ##.....
 Passage of Golubria      Tloc           N/A          14%         4    ####...
 Dazzling Flash           Conj/Hex       ##....       19%         3    ###....
 Animate Skeleton         Necr           N/A          26%         1    None
 Beastly Appendage        Tmut           #.....       26%         1    None
 Foxfire                  Conj/Fire      #...         26%         1    None
 Freeze                   Ice            #...         26%         1    None
 Magic Dart               Conj           #...         26%         1    None
 Pain                     Necr           #...         26%         1    None
 Sandblast                Erth           #.....       26%         1    None
 Shock                    Conj/Air       #...         26%         1    None
 Sting                    Tmut/Pois      #...         26%         1    None
 Summon Butterflies       Summ           #.......     26%         1    None
 Summon Small Mammal      Summ           #...         26%         1    None
 Call Imp                 Summ           #.......     36%         2    ##.....
 Corpse Rot               Necr/Air       N/A          36%         2    ##.....
 Passwall                 Tmut/Erth      #.......     36%         2    ##.....
 Poisonous Vapours        Pois/Air       #.....       36%         2    ##.....
 Searing Ray              Conj           #.....       36%         2    ##.....
 Sticks to Snakes         Tmut           #.......     36%         2    ##.....
 Fulminant Prism          Conj/Hex       ##........   52%         4    ####...
 Iskenderun's Mystic Bla  Conj/Tloc      ##......     52%         4    ####...
 Leda's Liquefaction      Hex/Erth       ##........   52%         4    ####...
 Call Canine Familiar     Summ           #.......     61%         3    ###....
 Conjure Flame            Conj/Fire      #.......     61%         3    ###....
 Ignite Poison            Fire/Tmut/Pois #.......     61%         3    ###....
 Mephitic Cloud           Conj/Pois/Air  #.......     61%         3    ###....
 Ozocubu's Armour         Chrm/Ice       #.......     61%         3    ###....
 Regeneration             Chrm/Necr      #.........   61%         3    ###....
 Spider Form              Tmut/Pois      #.........   61%         3    ###....
 Stone Arrow              Conj/Erth      #.....       61%         3    ###....
 Vampiric Draining        Necr           #.........   61%         3    ###....
 Metabolic Englaciation   Hex/Ice        ##........   86%         5    ######.
 Silence                  Hex/Air        ##........   86%         5    ######.
 Summon Mana Viper        Hex/Summ       ##......     86%         5    ######.
 Animate Dead             Necr           N/A          95%         4    ####...
 Hailstorm                Conj/Ice       #.......     95%         4    ####...
 Ice Form                 Ice/Tmut       #.......     95%         4    ####...
 Olgreb's Toxic Radiance  Pois           #.......     95%         4    ####...
 Petrify                  Tmut/Erth      #.......     95%         4    ####...
 Summon Ice Beast         Ice/Summ       #.......     95%         4    ####...
 Summon Lightning Spire   Summ/Air       #.......     95%         4    ####...
 Agony                    Necr           #.......     100%        5    ######.
 Alistair's Intoxication  Tmut/Pois      #.......     100%        5    ######.
 Blade Hands              Tmut           #.........   100%        5    ######.
 Bolt of Magma            Conj/Fire/Erth #.........   100%        5    ######.
 Borgnjor's Vile Clutch   Necr/Erth      #.........   100%        5    ######.
 Dispel Undead            Necr           #.......     100%        5    ######.
 Excruciating Wounds      Chrm/Necr      #.........   100%        5    ######.
 Fireball                 Conj/Fire      #.........   100%        5    ######.
 Irradiate                Conj/Tmut      #.........   100%        5    ######.
 Iskenderun's Battlesphe  Conj/Chrm      #.......     100%        5    ######.
 Lee's Rapid Deconstruct  Erth           #.........   100%        5    ######.
 Conjure Ball Lightning   Conj/Air       #.........   100%        6    #######
 Death Channel            Necr           #.........   100%        6    #######
 Deflect Missiles         Chrm/Air       #.........   100%        6    #######
 Eringya's Noxious Bog    Tmut/Pois      #.........   100%        6    #######
 Freezing Cloud           Conj/Ice/Air   #.........   100%        6    #######
 Iron Shot                Conj/Erth      #.........   100%        6    #######
 Ozocubu's Refrigeration  Ice            #.........   100%        6    #######
 Simulacrum               Ice/Necr       #.........   100%        6    #######
 Starburst                Conj/Fire      #.........   100%        6    #######
 Orb of Destruction       Conj           #.........   100%        7    #######
 Ring of Flames           Chrm/Fire      #.........   100%        7    #######
 Spellforged Servitor     Conj/Summ      #.........   100%        7    #######
 Summon Hydra             Summ           #.........   100%        7    #######
 Ignition                 Fire           #.........   100%        8    #######
 Tornado                  Air            #.........   100%        9    #######
 Sublimation of Blood     Necr           Unusable     N/A         2    N/A

Dungeon Overview and Level Annotations

Branches:
Dungeon (15/15)            Temple (0/1) D:4            Lair (6/6) D:11
  Swamp (4/4) Lair:3        Snake (4/4) Lair:3        Slime (5/5) Lair:6
    Orc (2/2) D:12            Elf (3/3) Orc:2        Vaults (5/5) D:13
  Crypt (3/3) Vaults:3       Tomb (3/3) Crypt:3      Depths (0/5) D:15
  Sewer (visited)           IceCv (visited)

Altars:
Ashenzari
Cheibriados
Fedhas
Gozag
Kikubaaqudgha
Nemelex Xobeh
Qazlal
Ru
Sif Muna
Uskayaw
Vehumet
Xom
Yredelemnul
Zin
The Shining One

Shops:
D:8 (   Orc:2 (:?   Elf:1 =}}   Elf:2 :   Elf:3 (*:*   Snake:2 *   Vaults:2 [
Vaults:3 (   Vaults:4 =

Portals:
Pandemonium: Orc:2


Innate Abilities, Weirdness & Mutations

You are resistant to torment.
Your stone body is resilient. (AC +20)
You are immune to poison.
Your large and strong wings let you fly indefinitely.
You resist negative energy. (rN+)
You are resistant to electric shocks. (rElec)
You can survive without breathing.
You are immune to petrification.
You are immune to rotting.
Your natural rate of healing is unusually fast.
You are robust. (+10% HP)
Your movements are slightly less encumbered by armour. (ER -2)


Message History

You destroy the guardian mummy!
The mummy convulses!
You destroy the mummy!
The death scarab convulses!
You destroy the death scarab!
The death scarab convulses! x2
You destroy the death scarab!
The skeletal warrior convulses!
The guardian mummy convulses!
You destroy the guardian mummy!
You feel extremely nervous for a moment...
Flickering shadows surround you.
You feel extremely nervous for a moment...
You convulse helplessly as pain tears through your body!
* * * LOW HITPOINT WARNING * * *
You feel extremely nervous for a moment...
You convulse helplessly as pain tears through your body!
* * * LOW HITPOINT WARNING * * *
You feel extremely nervous for a moment...
Pain shoots through your body!
You die...

*, , * ,, , * ,
,,, ...... ,**,,
,* *...... ,,, *
,* *......* , ,, ,
* , ,*, (.....#*,
,,, ,,*,
.......##,,, *,, ,
,* *........## ∆ {
, , , ,∆ #..W..##
, , ,, ,,,, *
,*#.Z@†.#***** ,,,
* * *##WM..††...
*** ** * ,
##MZ......,, ,, ,
* , *##...††.. ,
** , ..†M†.†,, ,
,,
***##+####M†..,,,,
, **#....#*†s.z,{
, , * ......#
†.8{{{{, ,,
#..........##
,.M{W{{8.s


You could see 3 greater mummies, a mummy priest (dazed), a skeletal warrior
(dazed), an ushabti, a death scarab (dazed), 2 shadows, a golden dragon
simulacrum (dazed) and an ice dragon skeleton (dazed).

Vanquished Creatures
  the Royal Jelly (Slime:5)
  Mara (Swamp:3)
  An ancient lich (Vaults:4)
  2 greater mummies (Tomb:1)
  Margery (Crypt:2)
  Frederick (Vaults:4)
  A bone dragon (Crypt:3)
  A profane servitor (Crypt:3)
  4 tentacled monstrosities
  4 liches
  Rupert (D:14)
  2 quicksilver dragons
  2 deep elf blademasters (Elf:3)
  2 titans
  Frances (Elf:1)
  2 deep elf master archers (Elf:3)
  8 sphinxes
  30 acid blobs
  The ghost of bmj180 the Barachian Blade, an adept BaBe of Trog (Snake:2)
  3 ancient champions
  3 thorn hunters
  7 shadow dragons
  4 tengu reavers (Vaults:5)
  6 revenants
  Donald (Orc:1)
  2 storm dragons
  12 azure jellies
  4 nagarajas (Snake:4)
  5 deep elf sorcerers
  8 fire giants
  2 orc warlords
  3 deep elf elementalists (Elf:3)
  12 vault wardens
  Louise (Elf:3)
  5 frost giants
  3 curse skulls
  A reaper (Crypt:2)
  4 very ugly things
  13 ghouls
  12 ironheart preservers
  2 war gargoyles (Vaults:5)
  Nessos (Orc:2)
  An entropy weaver (Vaults:4)
  9 stone giants
  7 vampire knights
  10 deep elf demonologists
  8 deep elf annihilators
  Snorg (D:12)
  8 eidola (Crypt:3)
  2 jiangshi (Crypt:1)
  10 mummy priests
  8 ettins
  12 death oozes
  9 deep elf death magi
  Josephine (Lair:5)
  3 deep elf high priests
  A fire dragon (Vaults:3)
  18 yaktaur captains
  7 great orbs of eyes
  A fire dragon (shapeshifter) (Vaults:5)
  13 naga warriors
  The ghost of Bojesaq the Slicer, a journeyman KoGl of Wu Jian (Lair:2)
  A quicksilver dragon skeleton (Crypt:1)
  4 ghost crabs
  11 hydras
  3 rakshasas
  2 shambling mangroves (Swamp:4)
  3 catoblepae (Lair:6)
  30 vault guards
  7 centaur warriors
  9 anacondas
  5 ice dragons
  8 death knights
  A queen ant (shapeshifter) (Vaults:5)
  A deep troll shaman (Vaults:3)
  50 two-headed ogres
  10 alligators
  28 dancing weapons
  29 death scarabs
  13 death yaks
  16 ogre magi
  2 titan zombies (Crypt:3)
  11 shock serpents
  5 orc high priests (Orc:2)
  22 deep elf knights
  A spriggan berserker (Swamp:3)
  15 naga sharpshooters
  3 storm dragon zombies
  A soul eater (Crypt:1)
  2 small abominations (Elf:3)
  36 skeletal warriors
  6 shadow wraiths
  A fire crab (shapeshifter) (D:13)
  3 unseen horrors
  2 hell knights (Crypt:2)
  2 infernal demonspawn (Orc:2)
  2 flayed ghosts
  A sea snake (shapeshifter) (Vaults:4)
  A gelid demonspawn (Orc:2)
  2 glowing orange brains
  3 spectral hydras (Swamp:4)
  2 obsidian statues
  8 deep trolls
  23 phantasmal warriors
  8 ironbrand convokers
  3 salamander mystics
  5 spriggan druids
  A torturous demonspawn (Orc:2)
  2 orange crystal statues
  7 swamp dragons
  8 naga ritualists
  23 deep elf archers
  5 wizards
  5 necromancers
  19 orc knights
  A shadow dragon zombie (Crypt:3)
  Pikel (D:7)
  11 mana vipers
  9 cyclopes
  5 oklob plants
  5 manticores
  7 wolf spiders
  2 iron dragon zombies (Crypt:3)
  A stone giant zombie (Crypt:3)
  31 ugly things
  An iron dragon skeleton (Crypt:2)
  58 deep elf magi
  13 orc sorcerers
  A frost giant zombie (Crypt:3)
  9 shining eyes
  An elephant (shapeshifter) (Vaults:2)
  13 salamanders
  2 shock serpent zombies (Crypt:3)
  6 guardian serpents
  32 black mambas
  Joseph (D:7)
  3 ice statues (IceCv)
  A stone giant skeleton (Tomb:1)
  13 vault sentinels
  37 naga magi
  6 centaur skeletons
  9 eyes of devastation
  2 orange demons (Orc:2)
  20 spiny frogs
  2 human zombies
  A green draconian zombie (Crypt:2)
  A minotaur zombie (Crypt:1)
  A rime drake (shapeshifter) (Vaults:2)
  4 kobold demonologists (D:14)
  2 rime drakes
  16 freezing wraiths
  A hellwing (Orc:2)
  6 komodo dragons
  2 tengu conjurers (D:13)
  2 efreet (D:15)
  31 yaktaurs
  A harpy zombie (Crypt:2)
  14 guardian mummies
  9 trolls
  A hydra zombie (Swamp:4)
  An iron troll skeleton (Crypt:1)
  A wind drake (shapeshifter) (D:15)
  9 tyrant leeches
  2 polar bears
  A sea snake skeleton (Crypt:2)
  A red devil (Orc:2)
  3 death drake zombies (Swamp:4)
  A harpy skeleton (Tomb:1)
  12 hornets
  5 jumping spiders (Crypt:3)
  149 slime creatures
  17 blink frogs
  An ettin zombie (Crypt:3)
  Prince Ribbit (D:7)
  A dream sheep (Lair:5)
  2 hydra skeletons (Swamp:4)
  8 bog bodies
  3 alligator zombies
  A fire dragon zombie (Crypt:1)
  11 hippogriffs
  A stone giant simulacrum (Vaults:3)
  11 flying skulls
  2 black mamba zombies (Crypt:3)
  Sigmund (D:6)
  An ice dragon zombie (Crypt:2)
  2 redbacks
  2 water elementals
  3 shadows
  3 air elementals
  4 spriggans
  15 wraiths
  7 ushabtiu
  2 wyverns
  7 golden eyes
  2 basilisks
  A chaos spawn (Orc:2)
  5 fire elementals
  41 vampire mosquitoes
  60 yaks
  2 golden eyes (shapeshifter)
  Menkaure (D:6)
  4 hungry ghosts
  23 insubstantial wisps
  46 nagas
  15 swamp worms
  10 wargs
  7 hydra simulacra (Swamp:4)
  4 soldier ants
  8 water moccasins
  14 porcupines
  A two-headed ogre skeleton (Crypt:1)
  24 ice beasts
  10 swamp drakes
  61 orc warriors
  A sky beast (D:12)
  8 black bears
  A hornet zombie (D:13)
  2 slaves (D:6)
  A spiny frog skeleton (Crypt:1)
  3 swamp dragon zombies (Swamp:4)
  An ettin simulacrum (Tomb:1)
  4 phantoms
  17 necrophages
  An ogre (shapeshifter) (Vaults:4)
  37 ogres
  6 eyes of draining
  2 swamp dragon skeletons (Swamp:4)
  18 wolves
  An orc skeleton (Vaults:2)
  12 boggarts
  A human skeleton (Vaults:2)
  13 crocodiles
  14 centaurs
  A hog skeleton (Crypt:2)
  8 big kobolds
  6 earth elementals
  23 bullfrogs
  A gnoll sergeant (Orc:1)
  10 wyvern skeletons
  A water moccasin zombie (D:6)
  A hippogriff skeleton (Crypt:1)
  8 scorpions
  3 killer bees (D:8)
  A troll zombie (Crypt:3)
  An electric eel (D:11)
  17 wights
  2 howler monkeys
  4 lava snakes (D:10)
  4 bullfrog zombies
  5 crimson imps
  A quasit (D:12)
  3 centaur zombies
  11 hounds
  An iron imp (D:8)
  31 orc priests
  A jelly (D:8)
  A bullfrog skeleton (D:10)
  5 iguanas
  15 orc wizards
  5 worker ants
  A big kobold zombie (Crypt:1)
  A centaur simulacrum (D:9)
  A naga zombie (Crypt:2)
  A crocodile skeleton (Crypt:1)
  A felid skeleton (Crypt:2)
  A hound zombie (D:7)
  A hound skeleton (D:10)
  17 mummies
  A worker ant zombie (D:7)
  A howler monkey skeleton (Crypt:2)
  8 gnolls
  18 adders
  A shadow imp (D:14)
  4 white imps
  2 howler monkey simulacra
  2 worker ant simulacra (D:11)
  2 ufetubi
  11 oozes (Sewer)
  2 adder zombies
  An adder skeleton (D:7)
  3 worms
  5 dart slugs
  17 leopard geckos
  87 orcs
  13 ball pythons
  10 bats
  19 giant cockroaches
  8 goblins
  9 hobgoblins
  10 jackals
  5 quokkas
  A river rat zombie (Crypt:2)
  20 frilled lizards
  2 jackal skeletons (D:4)
  28 kobolds
  11 rats
  A withered plant (Crypt:3)
2445 creatures vanquished.

Vanquished Creatures (collateral kills)
  A naga sharpshooter (Snake:2)
  A shock serpent (Snake:2)
  A salamander (Snake:2)
3 creatures vanquished.

Vanquished Creatures (others)
  An ironheart preserver (Vaults:1)
  5 death scarabs (Tomb:3)
  A guardian serpent (Snake:2)
  A yaktaur (Vaults:5)
  A tyrant leech (Swamp:3)
  A water elemental (Elf:2)
  A slave (D:7)
  2 ogres (Vaults:3)
  A mummy (Tomb:2)
  A kobold (D:10)
  45 fungi (D:11)
  55 plants
  11 withered plants (Crypt:3)
126 creatures vanquished.

Grand Total: 2574 creatures vanquished

Notes
Turn   | Place    | Note
-------+----------+-------------------------------------------
     0 | D:1      | Borgoz the Gargoyle Fighter began the quest for the Orb.
     0 | D:1      | Reached XP level 1. HP: 14/14 MP: 1/1
   125 | D:1      | Reached XP level 2. HP: 19/19 MP: 2/2
   409 | D:1      | Reached XP level 3. HP: 23/23 MP: 3/3
   847 | D:2      | Reached skill level 3 in Maces & Flails
   941 | D:2      | Reached XP level 4. HP: 25/29 MP: 4/4
  1126 | D:2      | Found a shimmering altar of Xom.
  1410 | D:3      | Found a stormy altar of Qazlal.
  1563 | D:3      | Found a glowing drain.
  1568 | Sewer    | Entered a sewer
  1578 | Sewer    | Reached XP level 5. HP: 30/33 MP: 5/5
  1613 | Sewer    | Reached skill level 4 in Maces & Flails
  2113 | Sewer    | Reached XP level 6. HP: 37/39 MP: 6/6
  2236 | Sewer    | Reached skill level 5 in Maces & Flails
  2435 | D:3      | Found a blossoming altar of Fedhas.
  2650 | D:3      | Reached skill level 5 in Fighting
  2911 | D:3      | Found a shattered altar of Ashenzari.
  2911 | D:3      | Found a glowing silver altar of Zin.
  2916 | D:3      | Found a faded altar of an unknown god.
  2918 | D:3      | Found an opulent altar of Gozag.
  2919 | D:3      | Found a sacrificial altar of Ru.
  2945 | D:3      | Became a worshipper of Ashenzari the Shackled
  3052 | D:3      | Reached skill level 5 in Armour
  3084 | D:3      | Reached XP level 7. HP: 44/44 MP: 7/7
  3579 | D:4      | Got the hunting sling "Nimubaacw" {velocity, rC++ Str+2}
  3758 | D:4      | Found a staircase to the Ecumenical Temple.
  3789 | D:4      | Reached skill level 6 in Maces & Flails
  4328 | D:4      | Found an ancient bone altar of Kikubaaqudgha.
  4329 | D:4      | Found a shimmering blue altar of Sif Muna.
  4338 | D:4      | Found a radiant altar of Vehumet.
  4342 | D:4      | Identified Vehumet's Catalogue of Battle Magic
  4411 | D:5      | Entered Level 5 of the Dungeon
  4585 | D:5      | Reached * piety under Ashenzari
  5010 | D:6      | Noticed Sigmund
  5011 | D:6      | Reached XP level 8. HP: 51/51 MP: 8/8
  5126 | D:7      | Noticed Prince Ribbit
  5128 | D:7      | Killed Prince Ribbit
  5223 | D:7      | Reached skill level 7 in Maces & Flails
  5643 | D:7      | Noticed Pikel
  5666 | D:7      | Killed Pikel
  5666 | D:7      | Reached skill level 8 in Maces & Flails
  5666 | D:7      | Reached XP level 9. HP: 57/57 MP: 9/9
  5874 | D:7      | Reached skill level 9 in Maces & Flails
  6025 | D:7      | Noticed Joseph
  6032 | D:7      | Killed Joseph
  6131 | D:6      | Found a glowing golden altar of the Shining One.
  6163 | D:6      | Killed Sigmund
  6371 | D:6      | Noticed Menkaure
  6375 | D:6      | Killed Menkaure
  6392 | D:6      | Reached XP level 10. HP: 64/64 MP: 10/10
  6442 | D:6      | Reached skill level 10 in Maces & Flails
  6928 | D:8      | Reached ** piety under Ashenzari
  7313 | D:8      | Noticed a two-headed ogre
  7326 | D:8      | Killed a two-headed ogre
  7363 | D:8      | Reached skill level 11 in Maces & Flails
  7460 | D:8      | Found a snail-covered altar of Cheibriados.
  7589 | D:8      | Found Imewel's Antique Weapon Emporium.
  8487 | D:9      | Reached XP level 11. HP: 62/71 MP: 11/11
  8511 | D:9      | Reached skill level 1 in Dodging
  9027 | D:9      | Found a sparkling altar of Nemelex Xobeh.
  9108 | D:10     | Entered Level 10 of the Dungeon
  9183 | D:10     | Noticed an orange crystal statue
  9206 | D:10     | Noticed a two-headed ogre
  9217 | D:10     | Killed a two-headed ogre
  9217 | D:10     | Reached skill level 12 in Maces & Flails
  9306 | D:10     | Reached skill level 10 in Fighting
  9378 | D:10     | Reached skill level 10 in Armour
  9411 | D:10     | Reached *** piety under Ashenzari
  9791 | D:11     | Noticed a death yak
  9908 | D:11     | Killed a death yak
 10033 | D:11     | Noticed a manticore
 10045 | D:11     | Killed a manticore
 10084 | D:11     | Found a frozen archway.
 10129 | D:11     | Reached XP level 12. HP: 78/78 MP: 12/12
 10136 | IceCv    | Entered an ice cave
 10339 | IceCv    | Reached skill level 13 in Maces & Flails
 10629 | IceCv    | Got the uncursed ice dragon scales of the Ladybird {rF-
                  | rC++ MR++}
 10883 | D:11     | Found a staircase to the Lair.
 11534 | D:11     | Reached skill level 5 in Dodging
 11990 | D:12     | Noticed a two-headed ogre
 11998 | D:12     | Killed a two-headed ogre
 11998 | D:12     | Reached skill level 14 in Maces & Flails
 12057 | D:12     | Reached XP level 13. HP: 66/84 MP: 13/13
 12072 | D:12     | Reached **** piety under Ashenzari
 12126 | D:12     | Found a staircase to the Orcish Mines.
 12851 | D:13     | Noticed Snorg
 12915 | D:12     | Killed Snorg
 13726 | D:13     | Found a gate to the Vaults.
 13726 | D:13     | Noticed an ironheart preserver
 14027 | D:14     | Reached skill level 1 in Evocations
 14275 | D:14     | Reached skill level 15 in Maces & Flails
 14496 | Lair:1   | Entered Level 1 of the Lair of Beasts
 15164 | Lair:1   | Gained mutation: Your large and strong wings let you fly
                  | indefinitely. [Gargoyle growth]
 15164 | Lair:1   | Reached XP level 14. HP: 88/92 MP: 15/15
 15469 | Lair:2   | Reached ***** piety under Ashenzari
 15741 | Lair:2   | Found a runed translucent door.
 16468 | Lair:2   | Noticed Bojesaq's ghost (journeyman KoGl)
 16534 | Lair:2   | Killed Bojesaq's ghost
 16586 | Lair:3   | Identified the +6 ice dragon scales of the Ladybird {rF-
                  | rC++ MR++} (You found it in an ice cave)
 16711 | Lair:3   | Identified the Volume of Conjuration and Stones
 16719 | Lair:3   | Learned a level 3 spell: Confuse
 16722 | Lair:3   | Learned a level 2 spell: Blink
 16745 | Lair:3   | Found a staircase to the Snake Pit.
 16924 | Lair:3   | Found a staircase to the Swamp.
 18342 | Lair:4   | Identified the +5 hunting sling "Nimubaacw" {velocity, rC++
                  | Str+2} (You found it on level 4 of the Dungeon)
 19218 | Lair:5   | Reached skill level 16 in Maces & Flails
 19535 | Lair:5   | Noticed Josephine
 19543 | Lair:5   | Killed Josephine
 20040 | Lair:6   | Entered Level 6 of the Lair of Beasts
 20172 | Lair:6   | Found a staircase to the Slime Pits.
 20182 | Lair:6   | Got the hand axe "Grim Tooth" {chop, Fragile rElec MP+9
                  | Str+2}
 20737 | Lair:6   | Reached XP level 15. HP: 93/99 MP: 18/18
 20782 | Lair:6   | Reached skill level 5 in Evocations
 21292 | Lair:6   | Got the quarterstaff of Accidental Termination {crush,
                  | rPois MR- MP+9}
 21870 | Lair:1   | Identified a scroll of acquirement
 22265 | D:12     | Got the uncursed leather armour "Aclyshru" {Dex+3}
 22276 | D:12     | Identified the +1 leather armour "Aclyshru" {Dex+3} (You
                  | found it on level 12 of the Dungeon)
 23164 | D:14     | Reached skill level 1 in Spellcasting
 23345 | D:14     | Noticed Rupert
 23369 | D:14     | Killed Rupert
 23470 | D:14     | Reached ****** piety under Ashenzari
 23565 | D:15     | Entered Level 15 of the Dungeon
 23604 | D:15     | Found a staircase to the Depths.
 23615 | D:15     | Noticed a fire giant
 23668 | D:15     | Killed a fire giant
 24226 | D:15     | Found a shimmering altar of Xom.
 24561 | D:15     | Found a hide-covered altar of Uskayaw.
 25230 | D:13     | Reached XP level 16. HP: 55/106 MP: 21/21
 25518 | Orc:1    | Entered Level 1 of the Orcish Mines
 26118 | Orc:1    | Reached skill level 17 in Maces & Flails
 26624 | Orc:2    | Entered Level 2 of the Orcish Mines
 26942 | Orc:2    | Noticed Nessos
 26965 | Orc:2    | Noticed Donald
 27040 | Orc:1    | Killed Donald
 27288 | Orc:2    | Paralysed by an orc sorcerer for 7 turns
 27570 | Orc:2    | Found Wuzecit's Magic Scroll Emporium.
 27576 | Orc:2    | Found Pifodw Didgh's General Store.
 27835 | Orc:2    | Killed Nessos
 27888 | Orc:2    | Found a staircase to the Elven Halls.
 28179 | Orc:2    | Paralysed by an orc sorcerer for 4 turns
 28493 | Orc:2    | Paralysed by an orc sorcerer for 3 turns
 28508 | Orc:2    | Paralysed by an orc sorcerer for 5 turns
 28856 | Orc:2    | Bought 3 scrolls of teleportation for 117 gold pieces
 28892 | Orc:2    | Paralysed by an orc sorcerer for 7 turns
 29215 | Orc:2    | Paralysed by an orc sorcerer for 3 turns
 29442 | Orc:1    | Learned a level 1 spell: Confusing Touch
 29593 | Orc:2    | Found Qahaewi's Book Boutique.
 29593 | Orc:2    | Found Ziwel's Antique Weapon Shop.
 29593 | Orc:2    | Found a one-way gate leading to the halls of Pandemonium.
 29793 | Swamp:1  | Entered Level 1 of the Swamp
 29809 | Swamp:1  | Reached skill level 1 in Stealth
 30017 | Swamp:1  | Reached skill level 1 in Hexes
 30025 | Swamp:1  | Reached skill level 5 in Spellcasting
 30025 | Swamp:1  | Reached skill level 1 in Translocations
 31051 | Swamp:2  | Got the flail of Demonkind {venom, rPois Str+5}
 31052 | Swamp:2  | Identified the +10 flail of Demonkind {venom, rPois Str+5}
                  | (You found it on level 2 of the Swamp)
 31663 | Swamp:3  | Reached XP level 17. HP: 112/112 MP: 24/24
 32076 | Swamp:3  | Noticed Mara
 32094 | Swamp:3  | Noticed Borgoz's illusion
 32375 | Swamp:3  | Noticed Borgoz's illusion
 32378 | Swamp:3  | Killed Mara
 32559 | Swamp:3  | Reached skill level 15 in Fighting
 32895 | Swamp:4  | Entered Level 4 of the Swamp
 32905 | Swamp:4  | Reached skill level 15 in Armour
 33263 | Swamp:4  | Noticed a tentacled monstrosity
 33284 | Swamp:4  | Killed a tentacled monstrosity
 33308 | Swamp:4  | Reached skill level 5 in Stealth
 34124 | Swamp:4  | Reached skill level 10 in Dodging
 34874 | Swamp:4  | Found a basalt altar of Yredelemnul.
 34927 | Swamp:4  | Found a blossoming altar of Fedhas.
 34941 | Swamp:4  | Reached XP level 18. HP: 86/119 MP: 25/25
 35313 | Swamp:4  | Reached skill level 5 in Hexes
 35490 | Swamp:3  | Reached skill level 5 in Translocations
 35810 | Swamp:4  | Got a decaying rune of Zot
 35938 | Swamp:2  | Got the cursed ring mail "Trusted Companion" {Int+6}
 36035 | Lair:1   | Identified the cursed +0 ring mail "Trusted Companion"
                  | {Int+6} (You found it on level 2 of the Swamp)
 36135 | Snake:1  | Entered Level 1 of the Snake Pit
 36222 | Snake:1  | Reached skill level 18 in Maces & Flails
 38249 | Snake:1  | HP: 3/120 [naga warrior/+1 dire flail of protection (4)]
 38627 | Snake:1  | Identified the +6 hand axe "Grim Tooth" {chop, Fragile
                  | rElec MP+9 Str+2} (You found it on level 6 of the Lair of
                  | Beasts)
 38627 | Snake:1  | Identified the +7 quarterstaff of Accidental Termination
                  | {crush, rPois MR- MP+9} (You found it on level 6 of the
                  | Lair of Beasts)
 38744 | Lair:1   | Identified the +6 hand axe "Grim Tooth" {chop, Fragile
                  | rElec MP+9 Str+2} (You found it on level 6 of the Lair of
                  | Beasts)
 38744 | Lair:1   | Identified the +7 quarterstaff of Accidental Termination
                  | {crush, rPois MR- MP+9} (You found it on level 6 of the
                  | Lair of Beasts)
 38972 | Snake:2  | Found a runed translucent gate.
 38972 | Snake:2  | Found a runed translucent gate.
 38972 | Snake:2  | Found a runed translucent gate.
 38974 | Snake:2  | Found an opulent altar of Gozag.
 39689 | Snake:2  | Identified the cursed +3 rapier of the Queen {pierce, +Inv
                  | MR+ Dex+3}
 39908 | Snake:2  | Found Wehekur's Assorted Antiques.
 39909 | Snake:2  | Noticed bmj180's ghost (adept BaBe)
 41686 | Snake:4  | Entered Level 4 of the Snake Pit
 41929 | Snake:4  | Reached XP level 19. HP: 126/126 MP: 26/26
 43261 | Snake:4  | Got a serpentine rune of Zot
 43458 | Snake:2  | Killed bmj180's ghost
 43579 | Snake:2  | Bought a potion of heal wounds for 145 gold pieces
 43579 | Snake:2  | Bought a potion of heal wounds for 145 gold pieces
 43774 | Vaults:1 | Entered Level 1 of the Vaults
 44191 | Vaults:1 | Reached skill level 19 in Maces & Flails
 45296 | Vaults:1 | Reached XP level 20. HP: 105/134 MP: 20/27
 46338 | Vaults:2 | Found Duoqeny's Armour Shop.
 47608 | Vaults:3 | Found Digoupusua's Antique Weapon Shop.
 48148 | Vaults:3 | Found a staircase to the Crypt.
 48325 | Vaults:3 | Reached XP level 21. HP: 97/140 MP: 19/28
 48410 | Vaults:3 | Cast into level 2 of the Abyss (a deep elf sorcerer)
 48441 | Vaults:3 | Escaped the Abyss
 48498 | Vaults:3 | Identified the +1 hand crossbow of Gil Sosch {penet, Str+4}
 49128 | Vaults:3 | Paralysed by a vampire knight for 3 turns
 50530 | Vaults:4 | Found Firo's Jewellery Boutique.
 50634 | Vaults:4 | Reached skill level 20 in Maces & Flails
 50757 | Vaults:4 | Identified the +1 cloak "Put-Me-On" {Regen+}
 52525 | Vaults:4 | Noticed Frederick
 52538 | Vaults:4 | Killed Frederick
 52538 | Vaults:4 | Reached XP level 22. HP: 114/148 MP: 22/29
 53956 | Elf:1    | Entered Level 1 of the Elven Halls
 54244 | Elf:1    | Noticed Frances
 54264 | Elf:1    | Killed Frances
 55186 | Elf:1    | Found Voximuz's Jewellery Shop.
 55186 | Elf:1    | Found Xowkog's Gadget Emporium.
 55187 | Elf:1    | Found Veasuj's Gadget Emporium.
 55246 | Elf:1    | Bought an uncursed ring of resist corrosion for 340 gold
                  | pieces
 55398 | Elf:2    | Found Zuihodgha's Book Shop.
 55724 | Elf:2    | Found a runed translucent gate.
 55727 | Elf:2    | Found a runed translucent gate.
 55728 | Elf:2    | Found a runed translucent gate.
 55745 | Elf:2    | Identified the +5 longbow of Fate {freeze, rElec MR+}
 56821 | Elf:3    | Entered Level 3 of the Elven Halls
 56841 | Elf:3    | Noticed Louise
 56858 | Elf:3    | Killed Louise
 56858 | Elf:3    | Reached skill level 15 in Dodging
 57101 | Elf:3    | Found Deruata's Assorted Antiques.
 57101 | Elf:3    | Found Useerrie's Weapon Boutique.
 57141 | Elf:3    | Found Qilujuel's Assorted Antiques.
 57142 | Elf:3    | Found Pomi's Book Shop.
 57374 | Elf:3    | Identified the +0 leather armour of Efacw {rPois rC+ Int+4
                  | Slay+5}
 57859 | Elf:3    | Reached XP level 23. HP: 127/155 MP: 25/30
 58509 | Elf:3    | Identified the ring of Wishful Thinking {rN+ MR+ Str+2
                  | Int+3 Dex+2}
 58561 | Elf:3    | Identified the ring of the Mantidfly {rF+ Int+3 Stlth+}
 59185 | Elf:3    | Identified the +7 broad axe of Infection {chop, Str+5
                  | Int+3}
 59185 | Elf:3    | Identified the ring "Sayj" {rF+ MR+}
 59190 | Elf:3    | Identified the +2 great mace of Jel Kihu {elec, MR+ Str+7}
 59262 | Elf:3    | Identified the cursed ring "Omiass" {Str+2 Int+4 Dex-2}
 59270 | Elf:3    | Reached skill level 21 in Maces & Flails
 59323 | Elf:3    | Identified the +7 mace "Qisirgh" {crush, Int+3}
 59352 | Elf:3    | Identified the Incunabulum of Flames and Toxins
 59526 | Elf:3    | Bought an ancient shield for 370 gold pieces
 59839 | Lair:1   | Got the cursed pair of gloves "Odiaxuh" {rC++}
 59850 | Lair:1   | Identified the cursed +2 pair of gloves "Odiaxuh" {rC++}
                  | (You acquired it on level 1 of the Lair of Beasts)
 59956 | Lair:1   | Identified the +9 shield "Nent" {rPois rF+ rC- rCorr MP+9}
                  | (You bought it in a shop on level 3 of the Elven Halls)
 60168 | Vaults:5 | Entered Level 5 of the Vaults
 60832 | Vaults:4 | Reached skill level 5 in Shields
 61465 | Vaults:4 | HP: 3/156 [sphinx/divine providence (12)]
 62434 | Vaults:5 | Noticed an ancient lich
 62662 | Vaults:4 | Killed an ancient lich
 62662 | Vaults:4 | Reached XP level 24. HP: 150/163 MP: 30/30
 62940 | Vaults:5 | Identified the Volume of Nocuous Stones
 62949 | Vaults:5 | Got the uncursed ring mail of Tiagexal {rPois Str+2}
 62950 | Vaults:5 | Identified the +5 ring mail of Tiagexal {rPois Str+2} (You
                  | found it on level 5 of the Vaults)
 63131 | Vaults:5 | Identified the ring "Atzol" {rPois rN+++}
 63304 | Vaults:5 | Identified the ring "Jeschunt" {rF+ Str+4 Slay+1}
 63655 | Vaults:5 | Got the hunting sling of Xikhlef {venom, rElec Dex+5}
 64073 | Vaults:5 | Got a silver rune of Zot
 64575 | Lair:1   | Got the cursed great mace "Newtslayer" {distort, SInv}
 64597 | Lair:1   | Identified the +3 hunting sling of Xikhlef {venom, rElec
                  | Dex+5} (You found it on level 5 of the Vaults)
 64597 | Lair:1   | Identified the cursed +8 great mace "Newtslayer" {distort,
                  | SInv} (You acquired it on level 1 of the Lair of Beasts)
 64880 | Slime:1  | Entered Level 1 of the Pits of Slime
 65096 | Slime:1  | Gained mutation: You tend to lose your temper in combat. [a
                  | shining eye]
 66350 | Slime:1  | Gained mutation: You are weak. (Str -2) [a shining eye]
 66353 | Slime:1  | Gained mutation: Potions are less effective at restoring
                  | your health. [a shining eye]
 66355 | Slime:1  | Gained mutation: Armour fits poorly on your strangely
                  | shaped body. [a shining eye]
 66362 | Slime:1  | Gained mutation: Your magical capacity is low. (-10% MP) [a
                  | shining eye]
 66681 | Slime:2  | Gained mutation: Your spells are a little easier to cast,
                  | but a little less powerful. [a shining eye]
 69727 | Slime:4  | Reached XP level 25. HP: 118/170 MP: 26/27
 69874 | Slime:4  | Gained mutation: Your spells are easier to cast, but less
                  | powerful. [a shining eye]
 69877 | Slime:4  | Gained mutation: You are clumsy. (Dex -2) [a shining eye]
 69879 | Slime:4  | Gained mutation: You occasionally shout uncontrollably at
                  | your foes. [a shining eye]
 69884 | Slime:4  | Gained mutation: You are frail. (-10% HP) [a shining eye]
 69888 | Slime:4  | Lost mutation: You tend to lose your temper in combat. [a
                  | shining eye]
 69888 | Slime:4  | Gained mutation: You sometimes yell uncontrollably at your
                  | foes. [a shining eye]
 69893 | Slime:4  | Gained mutation: You are very frail. (-20% HP) [a shining
                  | eye]
 70520 | Slime:5  | Entered Level 5 of the Pits of Slime
 70562 | Slime:5  | Gained mutation: Your magical capacity is very low. (-20%
                  | MP) [a shining eye]
 70566 | Slime:5  | Gained mutation: Scrolls take you a little longer to read.
                  | [a shining eye]
 70568 | Slime:5  | Gained mutation: Your body sometimes deteriorates upon
                  | taking damage. [a shining eye]
 71057 | Slime:5  | Noticed the Royal Jelly
 71247 | Slime:5  | Killed the Royal Jelly
 71247 | Slime:5  | Reached skill level 22 in Maces & Flails
 71247 | Slime:5  | Reached skill level 10 in Shields
 72450 | Slime:5  | Identified the cursed +0 chain mail of the Guild-Master
                  | {Regen+ Str+6}
 72458 | Slime:5  | Identified the Papyrus of Changing and the Frostbite
 72475 | Slime:5  | Identified the cursed +1 scale mail "Ocwautogump" {rElec
                  | rPois}
 72496 | Slime:5  | Identified the +6 dagger "Goblinbane" {flame, MR- Dex+6}
 72498 | Slime:5  | Identified the +1 spear of Ocsuf {venom, Fragile rPois rC+
                  | Dex+3}
 72501 | Slime:5  | Identified the +8 flail "Lubeqef" {flame, Int+2}
 72514 | Slime:5  | Got a slimy rune of Zot
 72550 | Slime:5  | Identified Gul Onos's Reference Book on Flying Sinister
                  | Rites
 73207 | Lair:1   | Lost mutation: You are very frail. (-20% HP) [potion of
                  | mutation]
 73207 | Lair:1   | Lost mutation: Scrolls take you a little longer to read.
                  | [potion of mutation]
 73207 | Lair:1   | Gained mutation: You expend magic power (3 MP) to
                  | strengthen your wands. [potion of mutation]
 73208 | Lair:1   | Lost mutation: Armour fits poorly on your strangely shaped
                  | body. [potion of mutation]
 73208 | Lair:1   | Lost mutation: Your magical capacity is very low. (-20% MP)
                  | [potion of mutation]
 73208 | Lair:1   | Lost mutation: You expend magic power (3 MP) to strengthen
                  | your wands. [potion of mutation]
 73208 | Lair:1   | Lost mutation: Your magical capacity is low. (-10% MP)
                  | [potion of mutation]
 73208 | Lair:1   | Lost mutation: You are frail. (-10% HP) [potion of
                  | mutation]
 73208 | Lair:1   | Gained mutation: Your flesh is cold resistant. (rC+)
                  | [potion of mutation]
 73209 | Lair:1   | Lost mutation: Your flesh is cold resistant. (rC+) [potion
                  | of mutation]
 73209 | Lair:1   | Lost mutation: Your body sometimes deteriorates upon taking
                  | damage. [potion of mutation]
 73209 | Lair:1   | Lost mutation: Your spells are easier to cast, but less
                  | powerful. [potion of mutation]
 73209 | Lair:1   | Lost mutation: You are weak. (Str -2) [potion of mutation]
 73209 | Lair:1   | Gained mutation: You are very clumsy. (Dex -4) [potion of
                  | mutation]
 73209 | Lair:1   | Gained mutation: You are somewhat resistant to further
                  | mutation. [potion of mutation]
 73210 | Lair:1   | Lost mutation: You are very clumsy. (Dex -4) [potion of
                  | mutation]
 73210 | Lair:1   | Lost mutation: You are clumsy. (Dex -2) [potion of
                  | mutation]
 73210 | Lair:1   | Lost mutation: Your spells are a little easier to cast, but
                  | a little less powerful. [potion of mutation]
 73210 | Lair:1   | Gained mutation: Your movements are slightly less
                  | encumbered by armour. (ER -2) [potion of mutation]
 73211 | Lair:1   | Lost mutation: You are somewhat resistant to further
                  | mutation. [potion of mutation]
 73211 | Lair:1   | Lost mutation: You sometimes yell uncontrollably at your
                  | foes. [potion of mutation]
 73211 | Lair:1   | Lost mutation: Potions are less effective at restoring your
                  | health. [potion of mutation]
 73211 | Lair:1   | Gained mutation: You are frail. (-10% HP) [potion of
                  | mutation]
 73211 | Lair:1   | Gained mutation: You have a pair of small horns on your
                  | head. [potion of mutation]
 73212 | Lair:1   | Lost mutation: You are frail. (-10% HP) [potion of
                  | mutation]
 73212 | Lair:1   | Lost mutation: You occasionally shout uncontrollably at
                  | your foes. [potion of mutation]
 73212 | Lair:1   | Lost mutation: You have a pair of small horns on your head.
                  | [potion of mutation]
 73212 | Lair:1   | Gained mutation: You are robust. (+10% HP) [potion of
                  | mutation]
 73212 | Lair:1   | Gained mutation: Your natural rate of healing is unusually
                  | fast. [potion of mutation]
 73480 | Crypt:1  | Entered Level 1 of the Crypt
 74883 | Crypt:2  | Noticed Margery
 74900 | Crypt:2  | Killed Margery
 75120 | Crypt:3  | Entered Level 3 of the Crypt
 75558 | Crypt:3  | Found a staircase to the Tomb.
 75790 | Crypt:3  | Found a basalt altar of Yredelemnul.
 75827 | Crypt:3  | Reached XP level 26. HP: 171/195 MP: 26/30
 75973 | Crypt:3  | Identified the +10 dagger "Rast" {venom, rF+ rN+}
 75973 | Crypt:3  | Identified the ring of Waquobet {Wiz *Corrode rC+ Str+3}
 76018 | Crypt:3  | Identified the amulet of Elozy {Spirit rPois}
 76867 | Crypt:3  | Found the +8 demon blade "Bloodbane" {slice, *Rage +Rage
                  | Stlth-}
 77276 | Tomb:1   | Entered Level 1 of the Tomb of the Ancients
 77690 | Tomb:1   | Noticed a greater mummy
 77715 | Tomb:1   | Killed a greater mummy
 77850 | Tomb:1   | Noticed a greater mummy
 77871 | Tomb:1   | Killed a greater mummy
 78279 | Tomb:2   | Noticed a greater mummy
 78281 | Tomb:2   | Noticed a greater mummy
 78285 | Tomb:2   | Noticed a greater mummy
 78285 | Tomb:2   | Noticed a greater mummy
 78727 | Tomb:3   | Entered Level 3 of the Tomb of the Ancients
 78736 | Tomb:3   | Noticed a greater mummy
 78736 | Tomb:3   | Noticed a greater mummy
 78745 | Tomb:3   | Found the +7 Singing Sword {slice, sonic wave}
 78747 | Tomb:3   | Identified the cursed +0 demon blade of Tenacity {elec, rC+
                  | MR++ Int-3}
 78747 | Tomb:3   | Identified the cursed +1 mace "Amiames" {antimagic, rElec
                  | rC- Int+2}
 78752 | Tomb:3   | Noticed a greater mummy
 78752 | Tomb:3   | Noticed a greater mummy
 78753 | Tomb:3   | Noticed a greater mummy
 78754 | Tomb:3   | Reached skill level 23 in Maces & Flails
 78754 | Tomb:3   | HP: 1/198 [something (31)]
 78754 | Tomb:3   | Killed by a guardian mummy's death curse

Levels and vault maps discovered:
D:1:      dpeg_arrival_radiant, layout_loops_cross
D:2:      layout_basic, lemuel_doored_altar, first_ration,
          minmay_misc_feat_cross
D:3:      layout_loops_corners, grunt_temple_overflow_forces_of_nature,
          chequers_temple_overflow_minitemple, gup_sewer_entry_bowl
D:4:      layout_basic, grunt_temple_overflow_magic_moments,
          minmay_temple_entry_arrows
D:5:      layout_basic, kennysheep_decorative_pillar
D:6:      layout_loops_ring, old_standard_altar, minmay_misc_feat_four_crosses,
          uniq_sigmund, uniq_menkaure
D:7:      layout_loops_corners, serial_undead, serial_undead_a, serial_undead_c,
          serial_undead_c, serial_undead_a, serial_undead_b, uniq_joseph,
          uniq_prince_ribbit1, uniq_pikel
D:8:      layout_gridville, slow_altar_2, serial_shops, nicolae_shop_trees
D:9:      layout_irregular_city, nemelex_xobeh_ov_fountains_minmay, serial_ice,
          serial_ice_b, serial_ice_n, serial_ice_g, serial_ice_c,
          hangedman_pestilent_swarm, solitary_fountain
D:10:     layout_long_grid, palyth_stone_intersect, disabler_island
D:11:     layout_basic, due_lair_maze_entry_diamond, serial_ice, serial_ice_a,
          serial_ice_i, serial_ice_b, serial_ice_o, serial_ice_g, serial_ice_h,
          serial_ice_d, portal_ice_cave_entry_ice_beasts
D:12:     layout_basic, orc_0_dummy
D:13:     layout_long_grid, skrybe_vaults_entry_preservation, st_stairs_7,
          drop_trap, minmay_more_statues, uniq_snorg
D:14:     layout_irregular_city, serial_park_avenue1, minmay_checkerbox,
          uniq_rupert
D:15:     grunt_enter_depths_giant_problem, layout_layer_cave, basic_altar,
          lemuel_tele_altar
Lair:1:   layout_gridlike
Lair:2:   beast_lair_carwin_large_1, layout_small_grid,
          ebering_ghost_reflecting_pool, infiniplex_staircase_pool,
          grunt_megastairs_2
Lair:3:   layout_cave_pods, skrybe_swamp_entry_bodies,
          minmay_snake_entry_spellcaster
Lair:4:   layout_regular_city, grunt_megastairs_4
Lair:5:   layout_cave_pods, hangedman_lair_generics_rect, uniq_josephine
Lair:6:   evilmike_catoblepas_cave, layout_regular_city, slime_dummy
Swamp:1:  layout_basic_swamp, evilmike_swamp_ruin_house_5,
          infiniplex_staircase_pool_2
Swamp:2:  layout_falls_marsh, hangedman_swamp_lotus, swamp_pool1,
          nicolae_swamp_very_dense_foliage
Swamp:3:  cheibrodos_swamp_heart_of_darkness, layout_basic_swamp,
          hangedman_swamp_diagram, uniq_mara
Swamp:4:  byrel_swamp_growth_death_and_undeath, layout_basic_swamp
Snake:1:  layout_grid_shapes, nicolae_snake_squiggles
Snake:2:  cheibrodos_forgotten_conduit, layout_gridlike, ebering_ghost_gozag,
          evilmike_ambush [evilmike_ambush_outer_basic,
          evilmike_ambush_inner_wall_1]
Snake:3:  layout_honeycomb
Snake:4:  snake_pit, layout_chambers
Slime:1:  layout_caves, cheibrodos_slime_lost_civilization_7
Slime:2:  layout_caves
Slime:3:  layout_caves
Slime:4:  layout_caves, nicolae_slime_round_cave
Slime:5
Orc:1:    layout_caves
Orc:2:    pf_orc_diabolical, layout_caves, rock_pile, uniq_donald, uniq_nessos
Elf:1:    layout_onion_city, minmay_shop_grove, uniq_frances
Elf:2:    layout_gridlike, serial_shops, shop, st_stairs_12
Elf:3:    elf_hall, layout_loops_ring, minmay_shoptagon, uniq_louise
Vaults:1: v_alt_pattern_5, vaults_mumra_chevron, vaults_dpeg_ring,
          grunt_vaults_hallway_short, layout_vaults_omnigrid
Vaults:2: nicolae_vaults_rhombus_6, grunt_vaults_bifocal, v_misc_30, v_misc_4,
          ontoclasm_vaults_pinch, nicolae_vaults_little_ls, v_misc_1,
          nicolae_vaults_network_s, v_misc_13, v_misc_17,
          layout_vaults_maze_bifur, serial_shops, shop
Vaults:3: vaults_dpeg_spiral, vaults_dpeg_diagonal, st_greater_box_2,
          hangedman_vaults_impose, v_misc_19, hangedman_vaults_river_flow,
          nicolae_vaults_three_branches, v_misc_2, layout_vaults_chaotic_city,
          serial_shops, nicolae_shop_stone
Vaults:4: nicolae_vaults_asterisk, nicolae_vaults_network_quincunx
          [nicolae_vaults_network_quincunx_subvault,
          nicolae_vaults_network_quincunx_subvault,
          nicolae_vaults_network_quincunx_subvault,
          nicolae_vaults_network_quincunx_subvault,
          nicolae_vaults_network_quincunx_subvault], hangedman_vaults_corner,
          hangedman_vaults_cutoff, hangedman_vaults_hard_town_square,
          grunt_vaults_hallway_short, v_misc_12, v_misc_13,
          hangedman_vaults_restitches, v_misc_14, v_misc_5,
          ontoclasm_vaults_gateway, grunt_vaults_hallway_short,
          layout_vaults_big_cross, serial_shops, shop, uniq_frederick
Vaults:5
Crypt:1:  layout_regular_city, minmay_misc_feat_pillars, minivault_24
Crypt:2:  layout_misc_corridors, uniq_margery
Crypt:3:  evilmike_haunted_forest
Tomb:1
Tomb:2
Tomb:3

Skill      XL: |  1  2  3  4  5  6  7  8  9 10 11 12 13 14 15 16 17 18 19 20 21 22 23 24 25 26 |
---------------+-------------------------------------------------------------------------------+-----
Maces & Flails | 3 4 5 6 8 9 11 12 14 15 16 17 18 19 20 21 22 23 | 23.0
Fighting       | 4 5 7 8 9 10 11 12 13 14 15 16 17 18 19 20 21 22 | 22.3
Armour         | 4 5 7 8 9 10 11 12 13 14 15 16 17 18 19 20 21 22 | 22.3
Dodging        | 3 5 6 7 8 9 10 11 12 13 15 16 17 18 | 18.3
Evocations     | 2 4 5 6 7 |  7.3
Spellcasting   | 3 5 |  5.0
Stealth        | 3 5 |  5.0
Hexes          | 2 4 5 6 7 |  7.0
Translocations | 2 4 5 6 7 |  7.0
Shields        | 6 9 10 | 10.1

Action                   |  1- 3 |  4- 6 |  7- 9 | 10-12 | 13-15 | 16-18 | 19-21 | 22-24 | 25-27 || total
-------------------------+-------+-------+-------+-------+-------+-------+-------+-------+-------++-------
Melee: Flail             |   100 |   411 |    28 |       |       |  1353 |  2245 |  2502 |   325 ||  6964
       Morningstar       |       |       |   329 |  1033 |  1940 |   162 |       |       |       ||  3464
       Mace              |       |       |       |       |       |   701 |       |       |       ||   701
       Demon whip        |       |       |       |       |       |   312 |       |       |       ||   312
       Great mace        |       |       |       |       |       |       |       |       |  1036 ||  1036
 Cast: Blink             |       |       |       |       |       |     1 |       |     1 |     1 ||     3
Invok: Curse Item        |       |       |       |       |       |     7 |     1 |     3 |     1 ||    12
 Abil: Evoke Berserk Rag |       |       |       |       |     4 |     6 |       |       |       ||    10
       Fly               |       |       |       |       |     1 |       |       |       |       ||     1
Evoke: Wand              |       |       |       |    10 |    22 |    41 |     1 |    10 |     3 ||    87
  Use: Scroll            |       |     6 |     4 |     2 |    15 |    19 |    10 |     9 |     7 ||    72
       Potion            |       |       |     1 |    10 |     4 |     7 |     3 |     4 |    12 ||    41
 Stab: Invisible         |       |       |       |     1 |       |       |       |       |       ||     1
       Sleeping          |       |       |       |       |     4 |     8 |     9 |     1 |       ||    22
       Distracted        |       |       |       |       |     3 |     5 |     1 |       |       ||     9
       Paralysed         |       |       |       |       |     3 |       |       |       |       ||     3
       Confused          |       |       |       |       |       |     1 |       |       |       ||     1
  Eat: Chunk             |       |     8 |    11 |    17 |    40 |    36 |    29 |    29 |     2 ||   172
       Ration            |       |       |     2 |     1 |     3 |     7 |     2 |     8 |    10 ||    33
Armor: Scale mail        |    68 |   326 |   195 |   524 |    67 |       |       |       |       ||  1180
       Troll leather arm |       |       |       |       |   804 |  1015 |   390 |       |       ||  2209
       Chain mail        |       |       |       |       |       |   341 |   161 |       |   569 ||  1071
       Ice dragon scales |       |       |       |       |       |       |    19 |  1081 |   128 ||  1228
Dodge: Dodged            |    31 |   224 |   118 |   709 |  1515 |  1982 |  1602 |  1581 |  1207 ||  8969
Block: Shield            |    59 |    35 |       |       |       |       |       |  1660 |   281 ||  2035
       Buckler           |       |    97 |    63 |   225 |   518 |   766 |   518 |   170 |       ||  2357

Table legend:
 A = Non-vault XP
 B = Vault XP
 C = Vault XP percentage of total XP
 D = Non-vault monster count
 E = Vault monster count
 F = Vault count percentage of total count
                 A         B        C        D         E       F
            +---------+---------+-------+---------+---------+-------
      Total |  606572 |  622810 |  50.7 |    1531 |     898 |  37.0
            +---------+---------+-------+---------+---------+-------
        D:1 |      45 |       0 |   0.0 |      23 |       0 |   0.0
        D:2 |      97 |       0 |   0.0 |      31 |       0 |   0.0
        D:3 |     130 |       5 |   3.7 |      23 |       4 |  14.8
        D:4 |     417 |       0 |   0.0 |      20 |       0 |   0.0
        D:5 |      96 |       0 |   0.0 |       4 |       0 |   0.0
        D:6 |     697 |     410 |  37.0 |      18 |       2 |  10.0
        D:7 |     813 |    1692 |  67.5 |      10 |      11 |  52.4
        D:8 |    2951 |     957 |  24.5 |      30 |       8 |  21.1
        D:9 |    1484 |     947 |  39.0 |      18 |       9 |  33.3
       D:10 |    3558 |    1156 |  24.5 |      21 |       6 |  22.2
       D:11 |    8853 |    5795 |  39.6 |      47 |      39 |  45.3
       D:12 |    8086 |    1735 |  17.7 |      43 |       2 |   4.4
       D:13 |    3697 |    4099 |  52.6 |      20 |      10 |  33.3
       D:14 |    9945 |    5051 |  33.7 |      54 |       5 |   8.5
       D:15 |   18464 |    1627 |   8.1 |      42 |       1 |   2.3
     Lair:1 |    2637 |       0 |   0.0 |      14 |       0 |   0.0
     Lair:2 |    3517 |    2411 |  40.7 |      16 |      10 |  38.5
     Lair:3 |    4608 |     719 |  13.5 |      19 |       2 |   9.5
     Lair:4 |    5894 |     403 |   6.4 |      16 |       1 |   5.9
     Lair:5 |    9454 |    4032 |  29.9 |      27 |      11 |  28.9
     Lair:6 |    9661 |   11584 |  54.5 |      29 |      23 |  44.2
    Swamp:1 |    9316 |       0 |   0.0 |      31 |       0 |   0.0
    Swamp:2 |    9884 |       0 |   0.0 |      34 |       0 |   0.0
    Swamp:3 |   10564 |   16191 |  60.5 |      33 |      10 |  23.3
    Swamp:4 |   15619 |   32606 |  67.6 |      36 |      50 |  58.1
    Snake:1 |   18920 |    4823 |  20.3 |      41 |      10 |  19.6
    Snake:2 |    2024 |   16100 |  88.8 |       5 |      27 |  84.4
    Snake:3 |   20658 |       0 |   0.0 |      41 |       0 |   0.0
    Snake:4 |   22378 |   26649 |  54.4 |      39 |      44 |  53.0
    Slime:1 |   21318 |     487 |   2.2 |      38 |       1 |   2.6
    Slime:2 |   15368 |       0 |   0.0 |      28 |       0 |   0.0
    Slime:3 |   16923 |       0 |   0.0 |      29 |       0 |   0.0
    Slime:4 |   24959 |    9760 |  28.1 |      29 |       9 |  23.7
    Slime:5 |   11020 |   28769 |  72.3 |      29 |      12 |  29.3
      Orc:1 |    4406 |    2887 |  39.6 |      55 |       6 |   9.8
      Orc:2 |    2044 |   17499 |  89.5 |      16 |      60 |  78.9
      Elf:1 |   15551 |    2483 |  13.8 |      27 |       1 |   3.6
      Elf:2 |   26174 |   24871 |  48.7 |      44 |      32 |  42.1
      Elf:3 |   14787 |   37459 |  71.7 |      27 |      34 |  55.7
   Vaults:1 |   31933 |    4105 |  11.4 |      60 |       8 |  11.8
   Vaults:2 |   37268 |    4953 |  11.7 |      74 |      18 |  19.6
   Vaults:3 |   65673 |   42434 |  39.3 |     110 |      42 |  27.6
   Vaults:4 |   41410 |   94086 |  69.4 |      59 |      93 |  61.2
   Vaults:5 |    6268 |   63427 |  91.0 |       5 |      41 |  89.1
    Crypt:1 |   30619 |       0 |   0.0 |      48 |       0 |   0.0
    Crypt:2 |   21007 |    8749 |  29.4 |      31 |       6 |  16.2
    Crypt:3 |       0 |   77119 | 100.0 |       0 |     115 | 100.0
     Tomb:1 |    5188 |   36428 |  87.5 |      18 |      24 |  57.1
     Tomb:2 |    4527 |    7424 |  62.1 |       9 |       8 |  47.1
     Tomb:3 |    5652 |   17408 |  75.5 |       9 |      26 |  74.3
    Abyss:2 |      10 |       0 |   0.0 |       1 |       0 |   0.0
      Sewer |       0 |     406 | 100.0 |       0 |      66 | 100.0
      IceCv |       0 |    3064 | 100.0 |       0 |      11 | 100.0
            +---------+---------+-------+---------+---------+-------
